 Dungeon Crawl Stone Soup version 0.23.2-40-g277498a001 (webtiles) character file.

Game seed: 3602065971372189699

196 Martska the Ducker (level 5, -1/39 HPs)
             Began as a Merfolk Ice Elementalist on Oct 1, 2019.
             Killed by divine providence
             ... invoked by an orc priest
              (14 damage)
             ... on level 3 of the Dungeon.
             The game lasted 00:12:22 (3145 turns).

Martska the Ducker (Merfolk Ice Elementalist)       Turns: 3145, Time: 00:12:23

Health: -1/39      AC:  4    Str:  9    XL:     5   Next: 75%
Magic:  5/8        EV: 14    Int: 14    God:
Gold:   112        SH:  0    Dex: 15    Spells: 3/9 levels left

rFire    . . .     SeeInvis .   j - +0 spear
rCold    . . .     Gourm    .   (no shield)
rNeg     . . .     Faith    .   e - +0 leather armour
rPois    .         Spirit   .   (no helmet)
rElec    .         Reflect  .   (no cloak)
rCorr    .         Harm     .   f - +0 pair of gloves
MR       .....                  (no boots)
Stlth    ++........             (no amulet)
HPRegen  0.13/turn              (no ring)
MPRegen  0.11/turn              (no ring)

@: no status effects
A: change form in water, swift swim, stealthy swim
a: no special abilities


You were on level 3 of the Dungeon.
You were hungry.

You visited 1 branch of the dungeon, and saw 3 of its levels.

You collected 112 gold pieces.

Inventory:

Hand Weapons
 b - a +0 dagger
 j - a +0 spear (weapon)
 m - a +1 hand axe of freezing
Armour
 a - a +0 robe
 e - a +0 leather armour (worn)
 f - a +0 pair of gloves (worn)
 i - a +0 large shield
Jewellery
 p - an uncursed ring of ice
Scrolls
 d - a scroll of random uselessness {unknown}
 k - 3 scrolls of identify {unknown}
 l - a scroll of remove curse {unknown}
Potions
 g - a potion of cancellation {unknown}
 h - a potion of curing {unknown}
 n - a potion of degeneration {unknown}
 o - a potion of might {unknown}
 q - a potion of heal wounds {unknown}
Comestibles
 c - 6 rations


   Skills:
 * Level 2.7 Fighting
 * Level 2.0 Polearms
 * Level 4.5 Dodging
 - Level 3.0 Stealth
 + Level 2.6 Spellcasting
 - Level 0.7 Conjurations
 * Level 0.5 Charms
 + Level 3.9 Ice Magic


You had 3 spell levels left.
You knew the following spells:

 Your Spells              Type           Power        Failure   Level  Hunger
a - Freeze                Ice            ##..         6%          1    #......
b - Throw Frost           Conj/Ice       #.....       19%         2    ###....
c - Ozocubu's Armour      Chrm/Ice       #.......     36%         3    ###....

Your spell library contained the following spells:

 Spells                   Type           Power        Failure   Level  Hunger
 Throw Icicle             Conj/Ice       #.......     77%         4    #####..
 Summon Ice Beast         Ice/Summ       #.......     80%         4    #####..


Dungeon Overview and Level Annotations

Branches:
Dungeon (3/15)

Altars:
Hepliaklqana


Message History

Press: ? - help, Shift-Dir - straight line, f - orc priest
Aim: an orc priest, wielding a +1 dagger of speed and wearing a +0 chain mail The puff of frost hits the orc priest.
The orc priest is moderately wounded.
The orc priest barely misses you. x2
You hit the orc priest but do no damage.
The orc priest is moderately wounded.
The orc priest mumbles some strange prayers to Beogh against you.
Beogh smites you!
You hit the orc priest but do no damage.
The orc priest is moderately wounded.
The orc priest barely misses you.
You hit the orc priest but do no damage.
The orc priest is moderately wounded.
The orc priest hits you with a +1 dagger of speed.
You hit the orc priest.
The orc priest is moderately wounded.
The orc priest invokes the aid of Beogh against you.
Beogh smites you!
You die...

#..# ##>.......# .# #..#
#.#...#### #.## #..### #.#...#
...# #....# #.##o## ###...#
.....# #.##.#####.§.... #....#
#o##.....o.....) #.#.##
#.########......
..#.##############.##### ###.[.#
###.#.......(...@o..##.######...#
# #.#.#######.#####.#..........##
###†#.# #.# #.##.## ###
......#######.# #.#...#######
..#.####......# #............
....# #.###### ###...#######
..### #.# ##.## ..# #.# #.# #.#
#.# #.#


You could see an orc priest.

Vanquished Creatures
  Jessica (D:2)
  Natasha (D:2)
  Robin (D:2)
  4 adders
  2 worms
  A dart slug (D:2)
  5 leopard geckos
  5 orcs (D:3)
  6 bats
  3 giant cockroaches
  17 goblins
  9 hobgoblins
  6 kobolds
  3 quokkas (D:2)
  A ball python (D:1)
  7 frilled lizards
  10 rats
82 creatures vanquished.

Notes
Turn   | Place    | Note
-------+----------+-------------------------------------------
     0 | D:1      | Martska the Merfolk Ice Elementalist began the quest for
                  | the Orb.
     0 | D:1      | Reached XP level 1. HP: 13/13 MP: 3/3
   293 | D:1      | Reached XP level 2. HP: 20/20 MP: 1/5
   294 | D:1      | Reached skill level 1 in Fighting
   294 | D:1      | Reached skill level 3 in Dodging
  1113 | D:2      | Noticed Jessica
  1119 | D:2      | Killed Jessica
  1119 | D:2      | Reached XP level 3. HP: 27/27 MP: 2/6
  1256 | D:2      | Reached XP level 4. HP: 33/33 MP: 3/7
  1538 | D:2      | Noticed Robin
  1561 | D:2      | Learned a level 2 spell: Throw Frost
  1573 | D:2      | Killed Robin
  1587 | D:2      | Reached skill level 4 in Dodging
  1617 | D:2      | Reached skill level 1 in Polearms
  1828 | D:2      | Reached XP level 5. HP: 28/39 MP: 1/8
  1995 | D:2      | Noticed Natasha
  2002 | D:2      | Killed Natasha
  2247 | D:3      | Learned a level 3 spell: Ozocubu's Armour
  2888 | D:3      | Found a hazy altar of Hepliaklqana.
  3145 | D:3      | Killed from afar by an orc priest

Skill      XL: |  1  2  3  4  5 |
---------------+----------------+-----
Fighting       | 1 2 |  2.7
Dodging        | 3 4 |  4.5
Polearms       | 1 2 |  2.0
Stealth        | 3 |  3.0
Spellcasting   | |  2.6
Conjurations   | |  0.7
Charms         | |  0.5
Ice Magic      | |  3.9

Action                   |  1- 3 |  4- 6 || total
-------------------------+-------+-------++-------
Melee: Unarmed           |     5 |       ||     5
       Dagger            |    38 |    17 ||    55
       Spear             |       |   107 ||   107
 Cast: Freeze            |    34 |    58 ||    92
       Throw Frost       |       |     5 ||     5
 Stab: Sleeping          |       |     2 ||     2
  Eat: Chunk             |       |     5 ||     5
       Ration            |       |     1 ||     1
Armor: Robe              |     1 |       ||     1
       Leather armour    |    13 |    46 ||    59
Dodge: Dodged            |    56 |   134 ||   190
